 Dungeon Crawl Stone Soup version 0.16.1-4-g8e1b745 (console) character file.

280 gw the Ogre Mage (level 6, -7/59 HPs)
             Began as an Ogre Enchanter on Mar 27, 2015.
             Was an Initiate of Okawaru.
             Mangled by a centaur (9 damage)
             ... on level 3 of the Dungeon.
             The game lasted 00:06:33 (7629 turns).

gw the Ogre Mage (Ogre Enchanter)                   Turns: 7629, Time: 00:06:33

Health: -7/59      AC:  5    Str: 14    XL:     6   Next: 27%
Magic:  0/13       EV: 10    Int: 16    God:    Okawaru [......]
Gold:   150        SH:  0    Dex: 10    Spells: 5 memorised, 1 level left

rFire  . . .     SeeInvis .     a - +1 dagger
rCold  . . .     Clarity  .     b - +1 robe
rNeg   . . .     SustAb   .     (shield restricted)
rPois  .         Gourm    .     (helmet restricted)
rElec  .         Spirit   .     d - +0 cloak
rCorr  .         Warding  .     (gloves unavailable)
rMut   .         Rnd*Tele +     (boots unavailable)
MR     +....                    (no amulet)
Stlth  ++........               i - ring of protection from magic
                                g - ring of teleportation (curse)

@: bonded with blade, somewhat resistant to hostile enchantments, unstealthy
A: unfitting armour, tough skin 1
a: Renounce Religion, Evoke Teleportation


You were on level 3 of the Dungeon.
You worshipped Okawaru.
Okawaru was noncommittal.
You were very hungry.

You visited 1 branch of the dungeon, and saw 3 of its levels.

You collected 150 gold pieces.

Inventory:

Hand weapons
 a - a +1 dagger (weapon)
Armour
 b - a +1 robe (worn)
 d - a +0 cloak (worn)
Jewellery
 g - a cursed ring of teleportation (left hand)
 i - a ring of protection from magic (right hand)
Magical devices
 h - a wand of slowing (20)
Scrolls
 e - a scroll of fog {unknown}
 l - a scroll of identify {unknown}
Books
 c - a book of Maledictions

   Spells                             Type                      Level
   a - Corona                         Hexes                        1
   b - Sure Blade                     Hexes/Charms                 2
   c - Ensorcelled Hibernation        Hexes/Ice                    2
   d - Confuse                        Hexes                        3
   e - Dazzling Spray                 Conjuration/Hexes            3
   f - Enslavement                    Hexes                        4
Comestibles
 j - a bread ration
 k - 7 fruits
 m - a beef jerky


   Skills:
 + Level 2.9 Fighting
 + Level 1.5 Short Blades
 + Level 2.8 Dodging
 - Level 2.4 Stealth
 + Level 3.5 Spellcasting
 * Level 3.3 Hexes
 + Level 1.3 Invocations


You had one spell level left.
You knew the following spells:

 Your Spells              Type           Power        Failure   Level  Hunger
a - Corona                Hex            ##.....      6%          1    None
b - Ensorcelled Hibernat  Hex/Ice        #.....       14%         2    ##.....
c - Sure Blade            Hex/Chrm       #.........   14%         2    ##.....
d - Confuse               Hex            ##......     14%         3    ###....
e - Dazzling Spray        Conj/Hex       #.......     28%         3    ###....


Dungeon Overview and Level Annotations

Branches:
Dungeon (3/15)

Altars:
Okawaru
Sif Muna


Innate Abilities, Weirdness & Mutations

You are too large for most types of armour.
You have tough skin (AC +1).


Message History

The centaur stops glowing.
The centaur hits you.
Unknown command.
Unknown command.
Unknown command.
Unknown command.
Casting: Corona
Confirm with . or Enter, or press ? or * to list all spells.
Your bond becomes stronger.
The centaur hits you.
Eat which item? (? for menu, Esc to quit)
You don't have any such object.
Eat which item? (? for menu, Esc to quit)
You can't eat that!
Unknown command.
Unknown command.
Unknown command.
ATTACK MOVE TO (1,1)
You hit the centaur.
The centaur is severely wounded.
The centaur hits you. The centaur hits you!
You die...

#.......#
#.......##.######
####.#....).....#
#.......####.#
###.########.#####
##+## #.)......#
##(..## #%##.###.#
##.(((.###.##.###.#
##......O##.##.....#
#........c#.##.<...#
+.........'........#
#.........#........#
##)......######.#.##
##.....## ###.#
##...## .# ##+## #


You could see a centaur.

Table legend:
 A = Turns spent in this place as a percentage of turns spent in the entire game.
 B = Non-inter-level travel turns spent in this place as a percentage of non-inter-level travel turns spent in the entire game.
 C = Inter-level travel turns spent in this place as a percentage of turns spent in this place.
 D = Turns resting spent in this place as a percentage of non-inter-level travel turns spent in this place.
 E = Turns spent auto-exploring this place as a percentage of non-inter-level travel turns spent in this place.
 F = Non-inter-level travel turns spent in this place divided by the number of levels of this place that you've seen.
                   A       B       C       D       E      F
               +-------+-------+-------+-------+-------+----------------------
         Total | 100.0 | 100.0 |   0.5 |   3.7 |   1.4 | 2814.7
       Dungeon | 100.0 | 100.0 |   0.5 |   3.7 |   1.4 | 2814.7
               +-------+-------+-------+-------+-------+----------------------

Table legend:
 A = Kills in this place as a percentage of kills in entire the game.
 B = Kills by you in this place as a percentage of kills by you in the entire game.
 C = Kills by friends in this place as a percentage of kills by friends in the entire game.
 D = Other kills in this place as a percentage of other kills in the entire game.
 E = Experience gained in this place as a percentage of experience gained in the entire game.
 F = Experience gained in this place divided by the number of levels of this place that you have seen.
                   A       B       C       D       E      F
               +-------+-------+-------+-------+-------+----------------------
         Total | 100.0 | 100.0 |  -nan | 100.0 | 100.0 | 133.7
       Dungeon | 100.0 | 100.0 |  -nan | 100.0 | 100.0 | 133.7
               +-------+-------+-------+-------+-------+----------------------

Vanquished Creatures
  An eye of draining (D:2)
  Terence (D:3)
  8 adders
  2 giant mites (D:1)
  2 worms (D:2)
  3 giant geckos
  3 orcs
  6 bats
  6 giant cockroaches
  9 goblins
  8 hobgoblins
  2 jackals (D:2)
  10 kobolds
  A quokka (D:2)
  A ball python (D:2)
  3 giant newts
  28 rats
94 creatures vanquished.

Notes
Turn   | Place    | Note
--------------------------------------------------------------
     0 | D:1      | gw, the Ogre Enchanter, began the quest for the Orb.
     0 | D:1      | Reached XP level 1. HP: 16/16 MP: 3/3
   225 | D:1      | Reached XP level 2. HP: 26/26 MP: 5/5
   229 | D:1      | Learned a level 2 spell: Ensorcelled Hibernation
   232 | D:1      | Learned a level 2 spell: Sure Blade
   554 | D:1      | Reached XP level 3. HP: 30/32 MP: 0/6
   953 | D:1      | Reached skill level 1 in Fighting
  1202 | D:1      | Reached skill level 3 in Spellcasting
  1297 | D:1      | Learned a level 3 spell: Confuse
  2328 | D:1      | Learned a level 1 spell: Corona
  2417 | D:2      | Found a deep blue altar of Sif Muna.
  2674 | D:2      | Reached skill level 1 in Short Blades
  2674 | D:2      | Reached XP level 4. HP: 22/41 MP: 0/9
  4334 | D:2      | Reached XP level 5. HP: 49/49 MP: 1/11
  6274 | D:2      | Found an iron altar of Okawaru.
  6282 | D:2      | Became a worshipper of Warmaster Okawaru
  6441 | D:2      | Noticed an eye of draining
  6474 | D:2      | Killed an eye of draining
  6474 | D:2      | Reached skill level 1 in Invocations
  6474 | D:2      | Reached XP level 6. HP: 57/59 MP: 0/13
  6574 | D:2      | Learned a level 3 spell: Dazzling Spray
  7196 | D:3      | Noticed Terence
  7257 | D:3      | Killed Terence
  7629 | D:3      | HP: 2/59 [centaur (4)]
  7629 | D:3      | Mangled by a centaur

Action                   |  1- 3 |  4- 6 || total
-------------------------+-------+-------++-------
Melee: Dagger            |   128 |   216 ||   344
Throw: Stone             |    63 |   117 ||   180
       Tomahawk          |     2 |       ||     2
 Cast: Corona            |    30 |    54 ||    84
       Sure Blade        |    25 |    25 ||    50
       Confuse           |    10 |    44 ||    54
       Ensorcelled Hiber |     8 |    47 ||    55
       Dazzling Spray    |       |     9 ||     9
  Use: Scroll            |     5 |       ||     5
       Potion            |     3 |       ||     3
 Stab: Sleeping          |     2 |     6 ||     8
       Confused          |       |     1 ||     1
  Eat: Chunk             |     4 |    16 ||    20
       Meat ration       |     1 |     1 ||     2
       Bread ration      |       |     1 ||     1

Vault maps used:
D:1:      lemuel_arrival_cross
D:2:      lemuel_doored_altar, overflow_temple_1_default, minmay_rat_hole
D:3:      uniq_grinder, uniq_terence
